Map: Overgrown Facility

Players

LostSenpai

  • Race: Protoss Protoss
  • Spawn Location: 3:00

Tossity

  • Race: Zerg Zerg
  • Spawn Location: 1:00

Throwfordays - Winner!

  • Race: Protoss Protoss
  • League: Bronze
  • Spawn Location: 7:00

Cthulhu - Winner!

  • Race: Protoss Protoss
  • Spawn Location: 9:00

VOD

Have the link to the VOD?

Description

Time

  • Played on: Jan. 27, 2019, 10:19 p.m.
  • Length: 5:55
Show
View Real Time Build Order
Export as new Build Order

LostSenpai Protoss 

Build Orders:  

Get SALT Encoding   

  12  0:02  Probe  
  13  0:17  Pylon  
  13  0:18  Probe  
  14  0:31  Probe  
  15  0:36  Gateway  
  15  0:44  Probe  
  16  0:56  Probe  
  17  1:05  Assimilator  
  17  1:08  Probe  
  18  1:19  Gateway  
  18  1:27  Cybernetics Core  
  18  1:45  Probe  
  18  1:46  Assimilator  
  19  1:51  Gateway  
  19  1:57  Probe  
  19  2:00  Pylon  
  20  2:08  Warp Gate  
  20  2:10  Pylon  
  22  2:30  Zealot x2  
  22  2:31  Zealot  
  24  2:39  Gateway  
  26  2:53  Twilight Council  
  26  3:05  Gateway  
  26  3:09  Zealot x2  
  26  3:10  Zealot  
  32  3:28  Zealot  
  34  3:40  Gateway  
  34  4:08  Zealot x2  
  38  4:29  Pylon  
  38  4:33  Pylon  
  18  5:22  Stalker x4  
  18  5:23  Stalker x2  
Show
View Real Time Build Order
Export as new Build Order

Tossity Zerg 

Build Orders: Pool First 

Get SALT Encoding   

  12  0:08  Overlord  
  12  0:22  Drone x2  
  14  0:40  Spawning Pool  
  13  0:47  Extractor  
  12  0:50  Drone x2  
  15  1:04  Drone x2  
  16  1:17  Drone  
  17  1:23  Drone  
  18  1:26  Queen  
  20  1:35  Drone  
  21  1:45  Drone  
  22  1:50  Metabolic Boost  
  22  1:59  Overlord  
  22  2:19  Zergling x2  
  22  2:22  Overlord  
  23  2:37  Zergling x4  
  23  2:38  Zergling x4  
  27  2:46  Zergling x2  
  28  3:03  Zergling x2  
  29  3:07  Zergling x2  
  30  3:14  Zergling x4  
  30  3:15  Zergling x2  
  30  3:18  Overlord  
  33  3:34  Zergling x2  
  34  3:41  Zergling x2  
  34  3:45  Zergling x6  
  38  4:06  Hatchery  
  38  4:09  Overlord  
  23  4:59  Zergling x8  
Show
View Real Time Build Order
Export as new Build Order

Throwfordays Protoss - Winner!

Build Orders: 1 Gate Expand, Oracle Opening 

Get SALT Encoding   

  12  0:00  Probe  
  13  0:16  Pylon  
  13  0:18  Probe  
  14  0:30  Probe  
  15  0:42  Probe  
  15  0:44  Gateway  
  16  0:55  Probe  
  16  0:56  Assimilator  
  17  1:07  Probe  
  18  1:24  Nexus  
  18  1:28  Probe  
  19  1:38  Cybernetics Core  
  19  1:46  Assimilator  
  20  1:47  Probe  
  20  1:48  Warp Gate  
  20  2:00  Probe  
  21  2:12  Probe  
  22  2:24  Probe  
  23  2:36  Stargate  
  23  2:38  Probe  
  24  2:47  Pylon  
  24  2:48  Probe  
  24  2:50  Probe  
  26  3:00  Probe  
  26  3:03  Gateway, Probe  
  28  3:12  Probe  
  29  3:14  Protoss Air Weapons Level 1  
  29  3:15  Probe  
  30  3:22  Oracle  
  30  3:24  Probe  
  34  3:27  Assimilator, Probe  
  34  3:30  Assimilator  
  35  3:36  Probe  
  35  3:39  Probe  
  37  3:48  Probe  
  37  3:51  Probe  
  39  3:59  Oracle  
  39  4:00  Probe  
  43  4:03  Probe  
  44  4:10  Nexus  
  44  4:12  Probe  
  44  4:15  Probe  
  46  4:29  Pylon  
  46  4:39  Pylon  
  46  4:47  Probe x2  
  46  4:48  Adept  
  46  4:49  Adept  
  52  4:59  Probe  
  54  5:00  Probe  
  54  5:12  Probe  
  55  5:24  Probe  
Show
View Real Time Build Order
Export as new Build Order

Cthulhu Protoss - Winner!

Build Orders: Blink Stalkers 

Get SALT Encoding   

  12  0:01  Probe  
  13  0:09  Probe  
  14  0:21  Pylon  
  14  0:25  Probe  
  15  0:40  Probe  
  16  0:50  Assimilator  
  16  0:56  Gateway  
  16  0:59  Gateway  
  16  1:03  Probe  
  17  1:12  Assimilator  
  17  1:16  Probe  
  17  1:24  Probe  
  19  1:36  Probe  
  20  1:47  Cybernetics Core  
  20  1:50  Zealot  
  22  1:58  Pylon  
  22  2:02  Probe  
  23  2:12  Probe  
  23  2:16  Zealot  
  23  2:20  Probe  
  26  2:25  Stalker  
  29  2:34  Twilight Council  
  29  2:40  Warp Gate  
  29  2:43  Stalker  
  31  2:53  Probe  
  31  3:01  Blink  
  31  3:04  Pylon  
  31  3:22  Stalker x2  
  31  3:24  Probe  
  36  3:49  Nexus  
  36  4:01  Stalker  
  38  4:14  Pylon  
  38  4:17  Assimilator  
  34  4:31  Zealot x2  
  27  4:58  Zealot  
  27  4:59  Stalker  
  26  5:22  Probe  
  26  5:24  Probe  
  26  5:25  Zealot  
  30  5:32  Probe  
  30  5:35  Probe  
Tags
 
Add a new tag
Caveats
  • Supply blocks, unpowered buildings, or Contaminate may cause inaccurate times.
  • Supply counts are checked every 10 seconds.